 Dungeon Crawl Stone Soup version 0.31-a0-986-g5e6e4ef867 (webtiles) character file.

Game seed: 9297495857144269260

12962 Iich the Cleaver (level 12, -47/77 HPs)
             Began as a Gargoyle Fighter on Nov 14, 2023.
             Was an Elder of Trog.
             Annihilated by an enormous slime creature (98 damage)
             ... on level 12 of the Dungeon.
             The game lasted 00:18:46 (11626 turns).

Iich the Cleaver (Gargoyle Fighter)                Turns: 11626, Time: 00:18:47

Health: -47/77     AC: 29    Str: 31    XL:     12   Next: 1%
Magic:  0/12       EV: 15    Int:  9    God:    Trog [****..]
Gold:   184        SH:  0    Dex:  9    Spells: 11/11 levels left

rFire   . . .        a - +1 executioner's axe (chaos)
rCold   . . .        (shield currently unavailable)
rNeg    + . .        I - +0 plate armour
rPois   ∞            r - +2 helmet
rElec   +            (no cloak)
rCorr   .            x - +1 pair of gloves
SInv    .            (no boots)
Will    .....        y - amulet of guardian spirit Stlth
                     K - +5 ring of evasion
HPRegen 0.32/turn    f - +6 ring of strength
MPRegen 0.13/turn

%: guardian spirit
@: no status effects
A: sickness immunity, AC +8, negative energy resistance 1, electricity
resistance, torment resistance 1, petrification resistance
a: Renounce Religion, Berserk, Trog's Hand, Brothers in Arms


You were on level 12 of the Dungeon.
You worshipped Trog.
Trog was greatly pleased with you.
You visited 2 branches of the dungeon, and saw 13 of its levels.

You collected 734 gold pieces.
You spent 550 gold pieces at shops.

Inventory:

Hand Weapons
 a - a +1 executioner's axe of chaos (weapon)
 b - a +3 war axe of freezing
 E - a +0 battleaxe
Missiles
 h - 2 throwing nets
Armour
 c - a +0 buckler
 r - a +2 helmet (worn)
 x - a +1 pair of gloves (worn)
 G - a +0 scale mail
 I - a +0 plate armour (worn)
Jewellery
 f - a +6 ring of strength (right hand)
 v - a ring of willpower
 y - an amulet of guardian spirit (around neck)
 K - a +5 ring of evasion (left hand)
 L - a +6 ring of dexterity
Wands
 m - a wand of charming (10)
 A - a wand of flame (50) (quivered)
 F - a wand of light (9)
 J - a wand of polymorph (6)
 N - a wand of mindburst (11)
Scrolls
 g - 2 scrolls of fear
 j - 2 scrolls of butterflies
 k - a scroll of noise
 p - 4 scrolls of fog
 t - 4 scrolls of teleportation
 w - a scroll of revelation
 z - 2 scrolls of immolation
 B - 2 scrolls of blinking
 D - 2 scrolls of torment
 H - 2 scrolls of poison
Potions
 d - a potion of might
 e - a potion of cancellation {unknown}
 i - a potion of berserk rage {unknown}
 l - 2 potions of heal wounds
 n - 2 potions of resistance
 q - a potion of curing
 s - a potion of lignification {unknown}
 u - 2 potions of attraction
 C - a potion of mutation
Miscellaneous
 M - a lightning rod (4/4)


   Skills:
 + Level 10.2 Fighting
 * Level 10.7 Axes
 + Level 10.2 Armour
 + Level 7.2 Dodging
 - Level 3.2 Shields


You had 11 spell levels left.
You didn't know any spells.
Your spell library contained the following spells:

 Spells                   Type           Power      Damage    Failure   Level
 Magic Dart               Conj           0%         1d3       95%         1
 Searing Ray              Conj           0%         2d4       99%         2
 Fulminant Prism          Conj/Hex       0%         3d5       100%        4


Dungeon Overview and Level Annotations

Branches:
Dungeon (12/15)            Temple (1/1) D:5            Lair (0/5) D:9
    Orc (0/2) D:9

Altars:
Ashenzari
Cheibriados
Dithmenos
Elyvilon
Fedhas
Gozag
Hepliaklqana
Kikubaaqudgha
Makhleb
Nemelex Xobeh
Okawaru
Qazlal
Ru
Sif Muna
Trog
Uskayaw
Vehumet
Wu Jian
Xom
Yredelemnul
Zin
The Shining One

Shops:
D:4 !   D:6 *


Innate Abilities, Weirdness & Mutations

You are immune to sickness and miasma.
Your stone body is resilient. (AC +8)
You are immune to poison.
You resist negative energy. (rN+)
You are resistant to electric shocks. (rElec)
You are resistant to unholy torment.
You are immune to petrification.


Message History

The slime creature is severely wounded.
You slash the large slime creature! You burn the large slime creature.
Two slime creatures merge to form a very large slime creature.
The slime creature hits you.
You slice the slime creature!!
You kill the slime creature!
Trog accepts your kill.
You slice the very large slime creature!!
A slime creature comes into view.
You have reached level 12!
You feel clever.
Unknown command.
You regained 2 hp, and now have 63/77 hp.
You slice the very large slime creature!!
The very large slime creature goes berserk!
The very large slime creature is heavily wounded.
The very large slime creature hits you!
* * * LOW HITPOINT WARNING * * *
The deep elf pyromancer casts a spell at you.
The bolt of fire hits you.
* * * LOW HITPOINT WARNING * * *
Two slime creatures merge to form an enormous slime creature.
The deep elf pyromancer casts a spell.
You are too injured to fight recklessly!
Unknown command.
You take 12 damage, and have 51/77 hp.
You now have 8/12 mp.
You are too injured to fight recklessly!
Unknown command.
You are too injured to fight recklessly!
Unknown command.
You are too injured to fight recklessly!
Unknown command.
You slice the enormous slime creature!!
The enormous slime creature suddenly seems more agile.
The enormous slime creature is heavily wounded.
The enormous slime creature is no longer unusually resistant.
The enormous slime creature closely misses you.
The enormous slime creature hits you!!!!
Ouch! That really hurt!
You die...

##............................#
##.....################.......#
##.....#. #.......# ##.....#..
#.......# ###.....#...
#.......# ###.....# ...
#.......# ##......# ..
#......##
#.......######'#########......#
...............J@.............#
.....)....[.......######......#
.....))...........# #........#
....†.............# #........#
.....#######......# #........#
.....# #''###.# #........#
####.# .e.. #.# #........#
...#.# .... #.# #........
...#.#


You could see an enormous slime creature (berserk, agile) and a deep elf
pyromancer.

Vanquished Creatures
  2 two-headed ogres
  Pikel (D:8)
  2 deep elf pyromancers
  A manticore (D:11)
  An unseen horror (D:10)
  Jeremiah (D:9)
  Psyche (D:8)
  A hornet (D:9)
  Prince Ribbit (D:7)
  10 slime creatures
  3 shadows
  2 wyverns (D:9)
  5 wraiths
  6 yaks
  Grum (D:8)
  4 vampire mosquitoes (D:12)
  2 acid dragons
  A two-headed ogre zombie (D:9)
  2 water moccasins (D:7)
  3 orc warriors
  An ogre (D:5)
  4 wolves (D:8)
  2 phantoms
  3 centaurs
  3 lemures (D:8)
  2 kobold brigands
  A scorpion (D:5)
  A gnoll sergeant (D:7)
  8 wights
  3 troll zombies (D:9)
  6 killer bees (D:10)
  9 howler monkeys
  7 orc priests
  3 hounds
  2 jellies
  A sleepcap (D:7)
  Jessica (D:1)
  Terence (D:3)
  2 iguanas
  9 orc wizards
  4 ogre zombies (D:9)
  4 adders
  9 gnolls
  2 shadow imps
  2 dart slugs
  41 orcs
  8 endoplasms
  A giant cockroach (D:2)
  A gnoll zombie (D:9)
  4 goblins
  9 hobgoblins
  3 quokkas (D:1)
  9 ball pythons
  6 bats
  2 frilled lizards
  2 gnoll skeletons (D:9)
  17 kobolds
  2 orc skeletons (D:9)
  20 orc zombies (D:9)
  3 rats (D:1)
268 creatures vanquished.

Notes
Turn   | Place    | Note
-------+----------+-------------------------------------------
     0 | D:1      | Iich the Gargoyle Fighter began the quest for the Orb.
     0 | D:1      | Reached XP level 1. HP: 14/14 MP: 1/1
   113 | D:1      | Reached XP level 2. HP: 19/19 MP: 2/2
   634 | D:1      | Reached XP level 3. HP: 17/23 MP: 3/3
   786 | D:1      | Reached skill level 1 in Dodging
  1057 | D:2      | Noticed Jessica
  1073 | D:1      | Killed Jessica
  1074 | D:1      | Reached XP level 4. HP: 11/29 MP: 4/4
  1730 | D:3      | Noticed Terence
  1739 | D:3      | Killed Terence
  1740 | D:3      | Reached XP level 5. HP: 18/33 MP: 5/5
  1905 | D:3      | Found a radiant altar of Vehumet.
  1938 | D:3      | Found a faded altar of an unknown god.
  1943 | D:3      | Found a bloodstained altar of Trog.
  2616 | D:3      | Found a hazy altar of Hepliaklqana.
  2619 | D:3      | Found an ornate altar of the Wu Jian Council.
  2624 | D:3      | Found a white marble altar of Elyvilon.
  2986 | D:3      | Became a worshipper of Trog the Wrathful
  3009 | D:4      | Found Belaty's Distillery.
  3051 | D:4      | Bought a potion of heal wounds for 70 gold pieces
  3061 | D:4      | Noticed a phantom
  3091 | D:4      | Killed a phantom
  3092 | D:4      | Reached XP level 6. HP: 19/39 MP: 6/6
  3504 | D:5      | Entered Level 5 of the Dungeon
  3528 | D:5      | Found a glowing silver altar of Zin.
  3529 | D:5      | Found a hide-covered altar of Uskayaw.
  3532 | D:5      | Found a burning altar of Makhleb.
  3543 | D:5      | Found a basalt altar of Yredelemnul.
  3698 | D:5      | Found a staircase to the Ecumenical Temple.
  3713 | Temple   | Entered the Ecumenical Temple
  3904 | D:5      | Reached skill level 5 in Fighting
  3904 | D:5      | Reached skill level 5 in Armour
  3904 | D:5      | Reached XP level 7. HP: 38/44 MP: 7/7
  3924 | D:5      | Reached * piety under Trog
  4033 | D:5      | Found a snail-covered altar of Cheibriados.
  5042 | D:6      | Found Gaco Zaqento's Gadget Gallery.
  5715 | D:7      | Noticed Prince Ribbit
  5730 | D:7      | Killed Prince Ribbit
  5731 | D:7      | Reached XP level 8. HP: 39/51 MP: 5/8
  6264 | D:7      | Reached skill level 5 in Axes
  6731 | D:8      | Noticed a yak
  6731 | D:8      | Noticed a yak
  6731 | D:8      | Noticed a yak
  6731 | D:8      | Noticed a yak
  6731 | D:8      | Noticed a yak
  6732 | D:8      | Noticed a yak
  6744 | D:7      | Killed a yak
  6745 | D:7      | Reached XP level 9. HP: 43/56 MP: 6/9
  7215 | D:8      | Noticed Psyche
  7231 | D:8      | Killed Psyche
  7232 | D:8      | Reached skill level 5 in Dodging
  7247 | D:8      | Noticed Pikel
  7262 | D:8      | Killed Pikel
  7263 | D:8      | Reached XP level 10. HP: 62/64 MP: 10/10
  7311 | D:8      | Reached ** piety under Trog
  7314 | D:8      | Noticed Grum
  7330 | D:8      | Killed Grum
  7537 | D:8      | Found a blossoming altar of Fedhas.
  7738 | D:9      | Noticed Jeremiah
  8181 | D:9      | Found a staircase to the Lair.
  8185 | D:9      | Found a staircase to the Orcish Mines.
  8458 | D:9      | Identified a scroll of acquirement
  8459 | D:9      | Acquired a +1 executioner's axe of venom
  8761 | D:9      | Killed Jeremiah
  9213 | D:10     | Entered Level 10 of the Dungeon
  9248 | D:10     | Reached *** piety under Trog
  9288 | D:10     | Noticed a two-headed ogre
  9299 | D:10     | Killed a two-headed ogre
  9300 | D:10     | Reached XP level 11. HP: 21/71 MP: 4/11
  9759 | D:10     | Noticed a deep elf pyromancer
  9770 | D:10     | Killed a deep elf pyromancer
 10083 | D:11     | Noticed a manticore
 10092 | D:11     | Killed a manticore
 10122 | D:11     | Identified the +11 spear of the Eleven Quests {heavy, *Slow
                  | +Blink rN+ Int+3}
 10146 | D:11     | Found a hazy altar of Hepliaklqana.
 10154 | D:11     | Reached skill level 10 in Axes
 10575 | D:6      | Bought a lightning rod (4/4) for 480 gold pieces
 11022 | D:12     | Noticed a deep elf pyromancer
 11028 | D:12     | Killed a deep elf pyromancer
 11091 | D:12     | Reached **** piety under Trog
 11125 | D:12     | Noticed a manticore
 11196 | D:12     | Reached skill level 10 in Fighting
 11196 | D:12     | Reached skill level 10 in Armour
 11407 | D:12     | Noticed a two-headed ogre
 11416 | D:12     | Killed a two-headed ogre
 11621 | D:12     | Noticed a deep elf pyromancer
 11625 | D:12     | Reached XP level 12. HP: 63/77 MP: 9/12
 11626 | D:12     | Annihilated by an enormous slime creature

Illustrated notes

Levels and vault maps discovered:
D:1:      amcnicky_arrival_abandoned_market, layout_basic
D:2:      layout_rooms, serial_corexii_hall, corexii_hall_statues_x,
          chequers_hall_statues_wall_a, uniq_jessica
D:3:      layout_loops_corners, grunt_temple_overflow_diamond,
          mainiacjoe_overflow_tiny_flanked, nicolae_overflow_ecumenical_swirl,
          chequers_serial_rivers_room_a, uniq_terence
D:4:      layout_rooms, serial_shops, shop
D:5:      layout_cave_pods, mainiacjoe_overflow_chevrons,
          nicolae_overflow_macrodata_refinement, minmay_temple_entry_wispy
D:6:      layout_basic, hangedman_decor_points, chequers_serial_rivers_micro_d,
          nicolae_shop_gadgets
D:7:      layout_basic, nicolae_titane, uniq_prince_ribbit1
D:8:      layout_cave_pools, fedhas_altar_1, uniq_grum, uniq_pikel, uniq_psyche
D:9:      layout_basic, lair_entry_dummy, zombieorc2_lemuel, uniq_jeremiah
D:10:     layout_cave_pools, dreamdust_mushroom_princess
D:11:     layout_loops_ring, small_chamber_with_monster,
          nzn_hepliaklqana_mist_gate
D:12:     hangedman_cross_veins, layout_irregular_city
Temple:   minmay_temple_curvy_loop

Skill      XL: |  1  2  3  4  5  6  7  8  9 10 11 |
---------------+----------------------------------+-----
Axes           | 2 3 4 5 7 9 10 | 10.7
Dodging        | 1 2 3 4 5 6 7 |  7.2
Fighting       | 4 5 6 7 9 10 | 10.2
Armour         | 4 5 6 7 9 10 | 10.2
Shields        | |  3.2

Action                     |  1- 3 |  4- 6 |  7- 9 | 10-12 || total
---------------------------+-------+-------+-------+-------++-------
  Melee: War axe           |    88 |   161 |   219 |   123 ||   591
         Executioner's axe |       |       |       |   207 ||   207
         Unarmed           |       |       |       |     6 ||     6
 Invoke: Berserk           |       |       |       |     4 ||     4
         Trog's Hand       |       |       |       |     4 ||     4
    Use: Scroll            |     1 |     9 |     5 |     5 ||    20
         Potion            |     1 |     2 |       |     3 ||     6
 Armour: Scale mail        |    70 |   141 |    92 |       ||   303
         Plate armour      |       |       |   106 |   472 ||   578
         Skin              |       |       |       |     1 ||     1
  Dodge: Dodged            |    51 |    89 |   101 |   274 ||   515
  Block: Buckler           |    22 |    47 |    40 |    23 ||   132

Table legend: (Time is in decaauts)
 A = Elapsed time spent in this place.
 B = Non-inter-level travel time spent in this place.
 C = Inter-level travel time spent in this place.
 D = Time resting spent in this place.
 E = Time spent auto-exploring this place.
 F = Levels seen in this place.
 G = Mean time per level.
                   A        B        C        D        E       F      G
               +--------+--------+--------+--------+--------+-----+--------+
         Total |  11905 |  11373 |    532 |    797 |   8457 |  13 |  915.8 |
       Dungeon |  11728 |  11196 |    532 |    797 |   8388 |  12 |  977.3 |
        Temple |    176 |    176 |      0 |      0 |     69 |   1 |  176.0 |
               +--------+--------+--------+--------+--------+-----+--------+

Top non-repeatable levels by time:
     D:7: 1612 daAuts
     D:3: 1272 daAuts
     D:9: 1249 daAuts
     D:1: 1170 daAuts
     D:6: 1099 daAuts
     D:5: 950 daAuts
    D:10: 947 daAuts
     D:8: 920 daAuts
    D:11: 720 daAuts
    D:12: 636 daAuts
     D:4: 619 daAuts
     D:2: 529 daAuts
  Temple: 176 daAuts
